 Dungeon Crawl Stone Soup version 0.30-a0-1-g69b7b797bf (webtiles) character file.

Game seed: 1677966127574852714

1379 Nedwor the Ducker (level 8, -2/61 HPs)
             Began as a Demonspawn Gladiator on Aug 19, 2022.
             Was a Follower of Makhleb.
             Slain by a two-headed ogre
             ... wielding a +6 great mace
              (8 damage)
             ... on level 6 of the Dungeon.
             The game lasted 00:13:48 (8999 turns).

Nedwor the Ducker (Demonspawn Gladiator)            Turns: 8999, Time: 00:13:48

Health: -2/61      AC: 19    Str: 22    XL:     8   Next: 39%
Magic:  8/8        EV: 11    Int: 10    God:    Makhleb [*.....]
Gold:   310        SH: 13    Dex: 15    Spells: 7/7 levels left

rFire   . . .      SeeInvis .    s - -1 demon whip (elec)
rCold   . . .      Faith    .    w - +0 tower shield
rNeg    . . .      Spirit   .    i - +1 chain mail "Kocui" {Str+6}
rPois   .          Reflect  .    c - +0 helmet
rElec   .          Harm     .    j - +1 cloak
rCorr   .          Rampage  .    (no gloves)
Will    .....                    (no boots)
Stlth   ..........               a - amulet of the acrobat
HPRegen 0.20/turn                m - ring of flight
MPRegen 0.11/turn                (no ring)

@: agile, lethally poisoned (-2 -> -6), sanguine armoured, flying
A: powered by pain 1, sanguine armour 1, demonic magic 2
a: Renounce Religion


You were on level 6 of the Dungeon.
You worshipped Makhleb.
Makhleb was aware of your devotion.
You visited 2 branches of the dungeon, and saw 7 of its levels.

You collected 411 gold pieces.
You spent 101 gold pieces at shops.

Inventory:

Hand Weapons
 s - a -1 demon whip of electrocution (weapon)
Missiles
 d - 4 throwing nets (quivered)
 e - 4 javelins
Armour
 c - a +0 helmet (worn)
 i - the +1 chain mail "Kocui" (worn) {Str+6}
   (You found it on level 3 of the Dungeon)

   Str:       It affects your strength (+6).
 j - a +1 cloak (worn)
 w - a +0 tower shield (worn)
Jewellery
 a - an amulet of the acrobat (around neck)
 l - a ring of magical power
 m - a ring of flight (left hand)
 p - a ring of fire
Wands
 u - a wand of iceblast (10)
Scrolls
 f - a scroll of enchant armour
 h - a scroll of identify
Potions
 k - 4 potions of curing
 o - 2 potions of berserk rage {unknown}
 q - 2 potions of mutation {unknown}
 r - a potion of ambrosia {unknown}
 t - a potion of haste {unknown}
 v - a potion of flight {unknown}
 x - a potion of heal wounds


   Skills:
 + Level 4.6 Fighting
 - Level 3.8 Long Blades
 * Level 4.7 Maces & Flails
 - Level 1.7 Throwing
 + Level 3.6 Armour
 + Level 4.8 Dodging
 + Level 2.8 Shields


You had 7 spell levels left.
You didn't know any spells.
Your spell library contained the following spells:

 Spells                   Type           Power      Damage    Failure   Level
 Poisonous Vapours        Pois/Air       0%         N/A       100%        2
 Gell's Gravitas          Tloc           0%         N/A       100%        3
 Lesser Beckoning         Tloc           0%         N/A       100%        3
 Teleport Other           Tloc           0%         N/A       100%        3
 Corpse Rot               Necr/Pois/Air  0%         N/A       100%        4
 Dispel Undead            Necr           0%         3d6       100%        4
 Death Channel            Necr           0%         N/A       100%        6


Dungeon Overview and Level Annotations

Branches:
Dungeon (6/15)             Temple (1/1) D:4

Altars:
Ashenzari
Cheibriados
Dithmenos
Fedhas
Gozag
Makhleb
Nemelex Xobeh
Okawaru
Qazlal
Ru
Trog
Uskayaw
Vehumet
Xom

Shops:
D:3 =[?   D:4 *

Annotations:
D:6 1 transporter, kuniqs's ghost, novice DEIE


Innate Abilities, Weirdness & Mutations

You sometimes gain a little power by taking damage.
When seriously injured, your blood forms armour. (AC +6)
Spells you cast may paralyse nearby enemies.


Message History

You barely miss the two-headed ogre.
The two-headed ogre hits you with a +6 great mace!!
You block the two-headed ogre's attack.
You closely miss the two-headed ogre.
The two-headed ogre completely misses you.
The two-headed ogre hits you but does no damage.
You hit the two-headed ogre but do no damage.
You block kuniqs's ghost's attack.
You whack the two-headed ogre!
Lightning courses through the two-headed ogre!
The two-headed ogre is moderately wounded.
The two-headed ogre hits you with a +6 great mace!
You focus on the pain.
You feel agile all of a sudden.
Your blood congeals into armour.
The two-headed ogre hits you but does no damage.
Kuniqs's ghost whispers, "The ORB doesn't exist."
Kuniqs's ghost closely misses you.
Kuniqs's ghost hits you but does no damage.
You are poisoned.
You hit the two-headed ogre.
Lightning courses through the two-headed ogre!
The two-headed ogre is severely wounded.
You feel very sick. You block the two-headed ogre's attack.
The two-headed ogre hits you with the +10 giant club of Soikali {vorpal, Int+3}.
* * * LOW HITPOINT WARNING * * *
Kuniqs's ghost hits you but does no damage.
You whack the two-headed ogre!
The two-headed ogre is almost dead.
You feel sick.
You block the two-headed ogre's attack. x2
Kuniqs's ghost freezes you.
You are frozen!
* * * LOW HITPOINT WARNING * * *
You barely miss the two-headed ogre.
The two-headed ogre is almost dead.
* * * LOW HITPOINT WARNING * * *
You feel sick. Kuniqs's ghost closely misses you.
The two-headed ogre hits you with a +6 great mace!
You die...

# #....###.............###
#...................##
#......###...........#########
####.......###......###...##.....
#..)).....########### ###........
..#.......#......# ###.........?
###.......#..# ..####............
# #.......#.#..#.##..............
#.......#.#..#@###............# #
#......§#$.##OW# ##..........## #
#.......#?....©# ##.........# #
#......©#..##..# ##.......## #
#.......#.#..#.# ###....##
##......#.#..#.##### ###.##
#......#..##..#...### ### #
#......#©.....#.....## #
#......########......## ##


You could see a two-headed ogre and kuniqs's ghost.

Vanquished Creatures
  Eustachio (D:6)
  The ghost of flt the Insei, an amateur DgTm (D:4)
  A sky beast (D:6)
  2 ogres
  A centaur (D:5)
  A phantom (D:6)
  2 jellies
  4 orc priests
  3 hounds
  An iguana (D:5)
  Natasha (thrice) (D:4)
  3 orc wizards
  9 adders
  4 gnolls (D:3)
  A shadow imp (D:3)
  2 white imps
  4 worms
  A dart slug (D:4)
  22 orcs
  7 ball pythons
  6 bats
  8 endoplasms
  4 giant cockroaches
  3 goblins
  4 hobgoblins
  2 quokkas
  A frilled lizard (D:1)
  6 kobolds
  5 rats
112 creatures vanquished.

Notes
Turn   | Place    | Note
-------+----------+-------------------------------------------
     0 | D:1      | Nedwor the Demonspawn Gladiator began the quest for the
                  | Orb.
     0 | D:1      | Reached XP level 1. HP: 16/16 MP: 1/1
   277 | D:1      | Gained mutation: When seriously injured, your blood forms
                  | armour. (AC +6) [demonic ancestry]
   277 | D:1      | Reached XP level 2. HP: 16/22 MP: 2/2
   424 | D:1      | Found a faded altar of an unknown god.
   950 | D:2      | Gained mutation: Spells you cast may paralyse adjacent
                  | enemies. [demonic ancestry]
   950 | D:2      | Reached XP level 3. HP: 25/28 MP: 3/3
  1148 | D:2      | Reached skill level 1 in Armour
  2703 | D:3      | Identified the +1 chain mail "Kocui" {Str+6}
  2761 | D:3      | Found Igasaly's Antique Armour Shop.
  2775 | D:3      | Reached XP level 4. HP: 9/34 MP: 4/4
  3502 | D:3      | Found Oluos's Magic Scroll Shoppe.
  3852 | D:3      | Found Ycoem's Jewellery Emporium.
  3899 | D:4      | Found a runed translucent door.
  3909 | D:4      | Noticed flt's ghost (amateur DgTm)
  3956 | D:4      | Found Aru Fiuk's Lightly-Used Armoury.
  3971 | D:4      | Bought a -1 demon whip for 100 gold pieces
  3971 | D:4      | Bought a -3 demon blade for 1 gold piece
  4020 | D:4      | Found a snail-covered altar of Cheibriados.
  4043 | D:4      | Noticed an ogre
  4048 | D:4      | Noticed Natasha
  4370 | D:4      | Gained mutation: Spells you cast may paralyse nearby
                  | enemies. [demonic ancestry]
  4370 | D:4      | Reached XP level 5. HP: 28/40 MP: 5/5
  4381 | D:4      | Killed Natasha
  4725 | D:4      | Reached skill level 1 in Maces & Flails
  4737 | D:4      | Noticed Natasha
  4748 | D:4      | Killed Natasha
  5045 | D:4      | Noticed Natasha
  5084 | D:4      | Killed Natasha
  5085 | D:4      | Gained mutation: You sometimes gain a little power by
                  | taking damage. [demonic ancestry]
  5085 | D:4      | Reached XP level 6. HP: 22/47 MP: 6/6
  5749 | D:4      | Found a staircase to the Ecumenical Temple.
  5759 | Temple   | Entered the Ecumenical Temple
  5897 | Temple   | Became a worshipper of Makhleb the Destroyer
  5954 | D:4      | Reached skill level 1 in Shields
  6167 | D:4      | Killed flt's ghost
  6168 | D:4      | Reached XP level 7. HP: 48/53 MP: 7/7
  6203 | D:5      | Entered Level 5 of the Dungeon
  6985 | D:5      | Found a stormy altar of Qazlal.
  7375 | D:6      | Noticed Eustachio
  7428 | D:6      | Killed Eustachio
  7429 | D:6      | Reached XP level 8. HP: 33/61 MP: 8/8
  8014 | D:6      | Found a sparkling altar of Nemelex Xobeh.
  8436 | D:6      | Found a transporter.
  8452 | D:6      | Reached * piety under Makhleb
  8469 | D:6      | Noticed kuniqs's ghost (novice DEIE)
  8473 | D:6      | Identified the +10 giant club of Soikali {vorpal, Int+3}
  8473 | D:6      | Noticed a two-headed ogre
  8785 | D:6      | Found an iron altar of Okawaru.
  8820 | D:6      | Found a transporter.
  8874 | D:6      | Found an opulent altar of Gozag.
  8999 | D:6      | Slain by a two-headed ogre

Illustrated notes

Levels and vault maps discovered:
D:1:      evilmike_arrival_crescent, layout_rooms,
          shapermc_ecumenical_altar_flowoftime, hex_medium
D:2:      cheibrodos_old_hovel, layout_basic, basic_altar
D:3:      layout_basic, serial_shops, shop, nicolae_square_shop, shop_scrolls
D:4:      layout_basic, slow_altar_1, minmay_temple_entry_ruins,
          ebering_ghost_reflecting_pool, chequers_decorated_corner,
          minmay_shop_damaged, uniq_natasha
D:5:      layout_loops_cross, nicolae_qazlal_scattered_showers,
          cheibrodos_sewer_entry_bend, wad_floor_pattern_untrapped
D:6:      layout_cave_pods, kennysheep_mini, mainiacjoe_overflow_tiny_flanked,
          nemelex_dance_club_becter, gammafunk_ghost_smash, uniq_eustachio
Temple:   bh_familiar_temple

Skill      XL: |  1  2  3  4  5  6  7 |
---------------+----------------------+-----
Long Blades    | 3 |  3.8
Dodging        | 3 4 |  4.8
Armour         | 1 2 3 |  3.6
Fighting       | 3 4 |  4.6
Maces & Flails | 1 3 4 |  4.7
Shields        | 1 2 |  2.8
Throwing       | |  1.7

Action                   |  1- 3 |  4- 6 |  7- 9 || total
-------------------------+-------+-------+-------++-------
Melee: Long sword        |   139 |    29 |       ||   168
       Demon whip        |       |   136 |   118 ||   254
       Punch             |       |     2 |       ||     2
  Use: Scroll            |     5 |     7 |     4 ||    16
       Potion            |       |     2 |     1 ||     3
 Stab: Sleeping          |     3 |       |       ||     3
Armor: Leather armour    |    43 |       |       ||    43
       Chain mail        |    14 |    94 |    72 ||   180
Dodge: Dodged            |    97 |    97 |    32 ||   226
Block: Kite shield       |       |    43 |    14 ||    57
       Tower shield      |       |       |    61 ||    61

Table legend: (Time is in decaauts)
 A = Elapsed time spent in this place.
 B = Non-inter-level travel time spent in this place.
 C = Inter-level travel time spent in this place.
 D = Time resting spent in this place.
 E = Time spent auto-exploring this place.
 F = Levels seen in this place.
 G = Mean time per level.
                   A        B        C        D        E       F      G
               +--------+--------+--------+--------+--------+-----+--------+
         Total |   9118 |   8661 |    457 |   2361 |   4927 |   7 | 1302.6 |
       Dungeon |   8963 |   8523 |    440 |   2361 |   4903 |   6 | 1493.8 |
        Temple |    155 |    138 |     17 |      0 |     24 |   1 |  155.0 |
               +--------+--------+--------+--------+--------+-----+--------+

Top non-repeatable levels by time:
     D:2: 1993 daAuts
     D:4: 1906 daAuts
     D:6: 1874 daAuts
     D:3: 1331 daAuts
     D:5: 949 daAuts
     D:1: 907 daAuts
  Temple: 155 daAuts
